 Dungeon Crawl Stone Soup version 0.31-a0-859-g9dce7d3444 (webtiles) character file.

Game seed: 426840778044600638

118 Flugkiller the Chopper (level 4, -6/60 HPs)
             Began as a Draconian Berserker on Oct 9, 2023.
             Was a Believer of Trog.
             Killed by divine providence
             ... invoked by an orc priest
              (15 damage)
             ... on level 3 of the Dungeon on Oct 10, 2023.
             The game lasted 00:01:24 (1872 turns).

Flugkiller the Chopper (Draconian Berserker)        Turns: 1872, Time: 00:01:24

Health: -6/60      AC:  6    Str: 28    XL:     4   Next: 72%
Magic:  4/4        EV: 12    Int:  7    God:    Trog [**....]
Gold:   59         SH:  0    Dex: 10    Spells: 3/3 levels left

rFire   + . .        a - +0 hand axe
rCold   . . .        (no shield)
rNeg    . . .        (body armour unavailable)
rPois   .            (helmet restricted)
rElec   .            (no cloak)
rCorr   .            (no gloves)
SInv    .            h - +0 pair of boots
Will    .....        (no amulet) Stlth
                     f - +6 ring of strength
HPRegen 0.30/turn    p - ring of protection from fire
MPRegen 0.09/turn

%: no passive effects
@: berserking (expiring), very quick
A: AC +5, unfitting armour, cold-blooded
a: Renounce Religion, Berserk, Trog's Hand


You were on level 3 of the Dungeon.
You worshipped Trog.
Trog was pleased with you.
You visited 1 branch of the dungeon, and saw 3 of its levels.

You collected 131 gold pieces.
You spent 72 gold pieces at shops.

Inventory:

Hand Weapons
 a - a +0 hand axe (weapon)
Armour
 h - a +0 pair of boots (worn)
   (You found it on level 2 of the Dungeon)
Jewellery
 f - a +6 ring of strength (left hand)
   (You found it on level 1 of the Dungeon)
 p - a ring of protection from fire (right hand)
   (You found it on level 2 of the Dungeon)
Scrolls
 c - a scroll of revelation {unknown}
 d - 3 scrolls of amnesia {unknown}
 e - 3 scrolls of identify {unknown}
 g - a scroll of noise {unknown}
 i - a scroll of immolation {unknown}
 j - a scroll of poison {unknown}
 k - a scroll of teleportation {unknown}
 n - a scroll of torment {unknown}
 o - a scroll of enchant weapon {unknown}
Potions
 b - 2 potions of curing {unknown}
 l - a potion of attraction {unknown}
 m - a potion of mutation {unknown}


   Skills:
 + Level 4.1 Fighting
 * Level 4.4 Axes
 + Level 3.3 Dodging


You had 3 spell levels left.
You didn't know any spells.
Your spell library was empty.

Dungeon Overview and Level Annotations

Branches:
Dungeon (3/15) Zot: 16111

Altars:
The Shining One

Shops:
D:2 =   D:3 *

Annotations:
D:3 1 runed translucent door, Crazy Yiuf


Innate Abilities, Weirdness & Mutations

Your plain brown scales are hard. (AC +5)
You cannot fit into any form of body armour.
You are cold-blooded and may be slowed by cold attacks.


Message History

The teleport trap disappears.
The orc disappears!
Things that are here:
a +0 club; a +0 scale mail You see here a +0 club.
An orc is nearby!
An orc is nearby!
An orc is nearby!
An orc comes into view. It is wielding a +0 whip.
Found a glowing golden altar of the Shining One.
An orc comes into view. It is wielding a +0 flail.
The orc shouts!
A frilled lizard comes into view.
The orc hits you with a +0 flail.
You barely miss the orc. The orc closely misses you.
The frilled lizard hisses angrily.
You hit the orc but do no damage. The orc hits you with a +0 flail!
An orc comes into view.
It is wielding a +0 hand axe and quivering poisoned darts.
The orc shouts!
You hit the orc.
The orc is almost dead.
The orc hits you but does no damage. The orc misses you.
An orc comes into view. It is wielding a +1 whip of freezing.
An orc comes into view. It is wielding a +0 dagger.
You completely miss the orc.
The orc is almost dead.
The orc shouts!
You hit the orc. The orc hits you with a +0 whip.
The orc hits you with a +0 flail.
You are too injured to fight recklessly!
There are monsters nearby!
You are too injured to fight recklessly!
You are too injured to fight recklessly!
The orc hits you but does no damage. The orc attacks as it pursues you!
The orc hits you with a +0 whip.
You hit the orc.
You kill the orc!
Trog accepts your kill. The orc closely misses you.
The orc hits you but does no damage.
Things that are here:
a +0 whip; an orc corpse You barely miss the orc.
You tail-slap the orc, but do no damage.
The orc is almost dead.
The orc misses you.
An orc priest comes into view. It is wielding a +0 hand axe.
The orc priest shouts!
You hit the orc.
You kill the orc!
Trog accepts your kill.
The orc priest invokes the aid of Beogh against you.
Beogh smites you!
* * * LOW HITPOINT WARNING * * *
An orc wizard comes into view. It is wielding a +0 dagger.
The orc hits you with a +1 whip of freezing.
* * * LOW HITPOINT WARNING * * *
The orc freezes you.
* * * LOW HITPOINT WARNING * * *
Okay, then.
The frilled lizard attacks as it pursues you!
The frilled lizard barely misses you.
A red film seems to cover your vision as you go berserk!
You feel yourself moving faster!
You feel mighty! The frilled lizard bites you.
* * * LOW HITPOINT WARNING * * *
The orc barely misses you.
You slash the orc!
You kill the orc!
Trog accepts your kill.
You closely miss the frilled lizard.
The frilled lizard bites you but does no damage.
You slash the frilled lizard!
You feel the power of Trog in you as your rage grows.
You kill the frilled lizard!
Trog accepts your kill.
You hit the orc. You closely miss the orc.
The orc is heavily wounded.
You closely miss the orc. The orc misses you.
You slash the orc!
You kill the orc!
Trog accepts your kill.
You slash the orc!
You kill the orc!
Trog accepts your kill.
The orc throws a poisoned dart.
The poisoned dart misses you.
An orc priest comes into view. It is wielding a +0 dagger.
The orc closely misses you.
Things that are here:
a +0 dagger; a +0 chain mail; an orc corpse The orc priest shouts!
You slash the orc!
You kill the orc!
Trog accepts your kill.
The orc priest hits you but does no damage.
Things that are here:
a +0 hand axe; 4 poisoned darts You slash the orc priest!
You tail-slap the orc priest.
The orc priest is almost dead.
The orc priest invokes the aid of Beogh against you.
Beogh smites you!
You die...

# #. .. .####... ...... #.
.o# . .. #.##.###### ##
..o..#.o....... .
.....#..##o.### #
._......).@...#### #
.....#.####))....# # ...
#.## ##.....# # .
#.†####.....# #.####
#######.....)))...# #.....
...........)......# #####>
#............#.####.##....
#............#......#..#..
#..#'#.......#'###....##..


You could see 2 orc priests.

Vanquished Creatures
  An orc priest (D:3)
  3 adders (D:2)
  2 dart slugs
  9 orcs (D:3)
  3 ball pythons
  3 endoplasms
  2 giant cockroaches
  2 goblins (D:2)
  4 hobgoblins
  4 jackals
  4 kobolds
  2 bats (D:1)
  3 frilled lizards
  5 rats
47 creatures vanquished.

Notes
Turn   | Place    | Note
-------+----------+-------------------------------------------
     0 | D:1      | Flugkiller the Draconian Berserker began the quest for the
                  | Orb.
     0 | D:1      | Reached XP level 1. HP: 19/19 MP: 1/1
   275 | D:1      | Reached XP level 2. HP: 26/26 MP: 2/2
   865 | D:2      | Found Avomma Sami's Jewellery Boutique.
   973 | D:2      | Reached XP level 3. HP: 31/33 MP: 3/3
  1103 | D:2      | Found a faded altar of an unknown god.
  1530 | D:3      | Found Razoem's Assorted Antiques.
  1538 | D:3      | Bought a scroll labelled MOTREN HYJ GUIRAKH for 24 gold
                  | pieces
  1538 | D:3      | Bought a scroll labelled OSUGURHIAZ for 24 gold pieces
  1538 | D:3      | Bought a scroll labelled IRCHIY RISEKOWA for 24 gold pieces
  1551 | D:3      | Found a runed translucent door.
  1552 | D:3      | Noticed Crazy Yiuf
  1637 | D:3      | Reached ** piety under Trog
  1698 | D:3      | Reached XP level 4. HP: 40/40 MP: 4/4
  1848 | D:3      | Found a glowing golden altar of the Shining One.
  1872 | D:3      | Killed from afar by an orc priest

Illustrated notes

Levels and vault maps discovered:
D:1:      minmay_arrival_three_doors, layout_basic
D:2:      layout_loops_ring, serial_shops, nicolae_shop_gaudy_bauble,
          hellmonk_ecumenical_altar_inner_sanctum, minmay_distorted
D:3:      layout_basic, lemuel_tele_altar, serial_shops, shop,
          nicolae_hexahallways, uniq_crazy_yiuf_cottage

Skill      XL: |  1  2  3  4 |
---------------+-------------+-----
Dodging        | 3 |  3.3
Axes           | 4 |  4.4
Fighting       | 4 |  4.1

Action                     |  1- 3 |  4- 6 || total
---------------------------+-------+-------++-------
  Melee: Hand axe          |    98 |    31 ||   129
         Tailslap          |    12 |     4 ||    16
         Punch             |     1 |       ||     1
 Invoke: Berserk           |     1 |     1 ||     2
 Armour: Skin              |    47 |    22 ||    69
  Dodge: Dodged            |    75 |    17 ||    92

Table legend: (Time is in decaauts)
 A = Elapsed time spent in this place.
 B = Non-inter-level travel time spent in this place.
 C = Inter-level travel time spent in this place.
 D = Time resting spent in this place.
 E = Time spent auto-exploring this place.
 F = Levels seen in this place.
 G = Mean time per level.
                   A        B        C        D        E       F      G
               +--------+--------+--------+--------+--------+-----+--------+
         Total |   1887 |   1805 |     82 |     67 |   1434 |   3 |  629.0 |
       Dungeon |   1887 |   1805 |     82 |     67 |   1434 |   3 |  629.0 |
               +--------+--------+--------+--------+--------+-----+--------+

Top non-repeatable levels by time:
     D:1: 866 daAuts
     D:2: 607 daAuts
     D:3: 414 daAuts
